 Dungeon Crawl Stone Soup version 0.23.2-1-ga50397a (webtiles) character file.

Game seed: 1380605270107421568

1178 IBeShadow the Skirmisher (level 8, -1/78 HPs)
             Began as a Naga Fighter on May 8, 2019.
             Slain by a bullfrog (7 damage)
             ... on level 7 of the Dungeon.
             The game lasted 00:12:39 (7594 turns).

IBeShadow the Skirmisher (Naga Fighter)             Turns: 7594, Time: 00:12:40

Health: -1/78      AC:  6    Str: 20    XL:     8   Next: 42%
Magic:  8/8        EV:  7    Int:  9    God:
Gold:   273        SH:  4    Dex: 11    Spells: 7/7 levels left

rFire    . . .     SeeInvis +   a - +0 war axe
rCold    . . .     Gourm    .   y - +0 buckler
rNeg     + . .     Faith    .   b - +0 scale mail
rPois    +         Spirit   .   (no helmet)
rElec    .         Reflect  .   (no cloak)
rCorr    .         Harm     .   (no gloves)
MR       +....                  (no barding)
Stlth    ++........             p - amulet of magic regeneration
HPRegen  0.23/turn              C - ring of positive energy
MPRegen  0.36/turn              (no ring)

@: very slow
A: large, see invisible, deformed body, poison resistance, slowness 2, slow
metabolism 1, spit poison 1, AC +2
a: Spit Poison


You were on level 7 of the Dungeon.
You were not hungry.

You visited 1 branch of the dungeon, and saw 7 of its levels.

You collected 273 gold pieces.

Inventory:

Hand Weapons
 a - a +0 war axe (weapon)
Armour
 b - a +0 scale mail (worn)
 c - a +0 shield
 y - a +0 buckler (worn)
Jewellery
 p - an amulet of magic regeneration (around neck)
 u - an uncursed ring of ice
 B - an uncursed amulet of inaccuracy
 C - a ring of positive energy (left hand)
Wands
 D - a wand of paralysis (7)
 G - a wand of disintegration (16)
Scrolls
 g - 4 scrolls of identify
 h - a scroll of noise {unknown}
 j - 2 scrolls of magic mapping {unknown}
 k - 3 scrolls of teleportation
 o - 2 scrolls of enchant armour {unknown}
 q - 2 scrolls of remove curse
 r - 2 scrolls of blinking
 s - a scroll of fog {unknown}
 v - 2 scrolls of enchant weapon {unknown}
 x - a scroll of amnesia {unknown}
Potions
 d - 2 potions of might
 e - a potion of ambrosia
 i - 3 potions of flight
 l - a potion of haste {unknown}
 m - a potion of heal wounds {unknown}
 n - a potion of cancellation {unknown}
 w - a potion of agility {unknown}
 z - a potion of berserk rage {unknown}
 A - a potion of magic {unknown}
 E - a potion of degeneration {unknown}
 F - a potion of brilliance {unknown}
Comestibles
 f - 8 rations


   Skills:
 * Level 6.9 Fighting
 * Level 6.4 Axes
 - Level 2.4 Armour
 + Level 6.5 Stealth
 - Level 2.4 Shields
 + Level 0.0 Evocations


You had 7 spell levels left.
You didn't know any spells.
Your spell library was empty.

Dungeon Overview and Level Annotations

Branches:
Dungeon (7/15)
 Temple: D:4-7

Altars:
Okawaru
Vehumet

Annotations:
D:6 Edmund, Sigmund


Innate Abilities, Weirdness & Mutations

You cannot wear boots.
Your serpentine skin is tough. (AC +2)
You have supernaturally acute eyesight. (SInv)
Armour fits poorly on your strangely shaped body.
Your system is resistant to poisons. (rPois)
You cover ground very slowly.
You have a slow metabolism.
You can spit poison.


Message History

Okay, then.
As you read the scroll of fear, it crumbles to dust.
You assume a fearsome visage.
The orc warrior looks frightened!
The orc priest looks frightened!
The orc wizard looks frightened!
The orc looks frightened!
Your surroundings suddenly seem different.
The bullfrog hits you but does no damage.
The bullfrog barely misses you. The bullfrog completely misses you.
The bullfrog hits you.
* * * LOW HITPOINT WARNING * * *
The bullfrog hits you.
* * * LOW HITPOINT WARNING * * *
The bullfrog closely misses you. The bullfrog closely misses you.
The bullfrog hits you.
* * * LOW HITPOINT WARNING * * *
The bullfrog barely misses you. The bullfrog hits you!
You die...

#....>.........#
#.............##
#.............##
##)............#
#.............##
#..............# ####
##O............##
#..###...............#
##...@F..............#
#....##..............
##..####...........##
###.# #..........##
#.#######....### ##.##
###### #..#
##.######## #.<......#


You could see an ogre and a bullfrog.

Vanquished Creatures
  Grinder (D:6)
  A phantom (D:4)
  An ogre (D:7)
  A centaur (D:5)
  A bullfrog (D:6)
  2 scorpions
  A bullfrog zombie (D:5)
  An orc priest (D:5)
  9 worker ants
  A hound skeleton (D:5)
  A howler monkey zombie (D:6)
  2 worker ant zombies (D:5)
  A howler monkey skeleton (D:4)
  8 gnolls
  4 adders
  A shadow imp (D:6)
  An ooze (D:4)
  7 worms
  A dart slug (D:3)
  5 leopard geckos
  12 orcs
  12 bats
  3 giant cockroaches
  9 hobgoblins
  2 quokkas
  5 frilled lizards
  4 goblins
  6 kobolds
  A leopard gecko skeleton (D:5)
  A leopard gecko zombie (D:4)
  A quokka skeleton (D:4)
  3 rats
109 creatures vanquished.

Notes
Turn   | Place    | Note
-------+----------+-------------------------------------------
     0 | D:1      | IBeShadow the Naga Fighter began the quest for the Orb.
     0 | D:1      | Reached XP level 1. HP: 21/21 MP: 1/1
   295 | D:1      | Reached skill level 1 in Stealth
   295 | D:1      | Reached XP level 2. HP: 28/28 MP: 2/2
   692 | D:2      | Reached XP level 3. HP: 8/34 MP: 3/3
  1701 | D:2      | Reached XP level 4. HP: 9/44 MP: 4/4
  1704 | D:2      | HP: 2/44 [worm (8)]
  2802 | D:3      | Found a radiant altar of Vehumet.
  2925 | D:3      | Found a faded altar of an unknown god.
  3190 | D:4      | Reached XP level 5. HP: 43/50 MP: 5/5
  3355 | D:4      | Noticed a phantom
  3405 | D:4      | Killed a phantom
  3718 | D:4      | Reached XP level 6. HP: 54/58 MP: 6/6
  4242 | D:4      | Reached skill level 5 in Fighting
  4544 | D:5      | Entered Level 5 of the Dungeon
  4555 | D:5      | Reached XP level 7. HP: 21/67 MP: 7/7
  4992 | D:5      | Reached skill level 5 in Axes
  5364 | D:5      | Found an iron altar of Okawaru.
  5612 | D:5      | Reached skill level 5 in Stealth
  6516 | D:6      | Noticed Grinder
  6826 | D:6      | Reached XP level 8. HP: 68/76 MP: 8/8
  6954 | D:6      | Killed Grinder
  7263 | D:6      | Noticed Sigmund
  7264 | D:6      | Noticed Edmund
  7594 | D:7      | Slain by a bullfrog

Skill      XL: |  1  2  3  4  5  6  7  8 |
---------------+-------------------------+-----
Stealth        | 1 2 3 4 5 6 |  6.5
Axes           | 3 4 5 6 |  6.4
Fighting       | 4 5 6 |  6.9
Armour         | |  2.4
Shields        | |  2.4

Action                   |  1- 3 |  4- 6 |  7- 9 || total
-------------------------+-------+-------+-------++-------
Melee: War axe           |   124 |   187 |   131 ||   442
 Abil: Spit Poison       |     7 |    12 |     6 ||    25
Evoke: Wand              |       |       |     7 ||     7
  Use: Scroll            |       |       |    13 ||    13
 Stab: Paralysed         |       |       |     5 ||     5
  Eat: Chunk             |     2 |     5 |     5 ||    12
       Ration            |       |     1 |     1 ||     2
Armor: Scale mail        |    86 |    53 |    39 ||   178
Dodge: Dodged            |    49 |    32 |    48 ||   129
Block: Shield            |    66 |    98 |    33 ||   197
       Buckler           |       |       |     6 ||     6
